 Dungeon Crawl Stone Soup version 0.29-a0-824-gd827844252 (webtiles) character file.

Game seed: 7229281071265334221

18494 Malachi the Brawler (level 12, -18/123 HPs)
             Began as a Troll Gladiator on July 10, 2022.
             Demolished by a two-headed ogre
             ... wielding a +0 giant club
              (33 damage)
             ... on level 2 of the Orcish Mines.
             The game lasted 00:18:33 (12831 turns).

Malachi the Brawler (Troll Gladiator)              Turns: 12831, Time: 00:18:33

Health: -18/123    AC:  6    Str: 29    XL:     12   Next: 28%
Magic:  11/11      EV: 10    Int:  4    God:
Gold:   998        SH:  0    Dex: 17    Spells: 11/11 levels left

rFire   . . .      SeeInvis .     - Unarmed
rCold   . . .      Faith    .   (no shield)
rNeg    . . .      Spirit   .   C - +0 troll leather armour
rPois   .          Reflect  .   a - +0 hat
rElec   .          Harm     .   (no cloak)
rCorr   .          Rampage  .   (gloves unavailable)
Will    .....                   (boots unavailable)
Stlth   +.........              (no amulet)
HPRegen 1.90/turn               g - +6 ring of dexterity
MPRegen 0.12/turn               A - +4 ring of slaying

@: no status effects
A: large, unfitting armour, claws 3, regeneration 1, shaggy fur 1, tough skin 1
a: no special abilities


You were on level 2 of the Orcish Mines.
You visited 3 branches of the dungeon, and saw 15 of its levels.
You also visited: Sewer.

You collected 1210 gold pieces.
You spent 212 gold pieces at shops.

Inventory:

Missiles
 c - 7 throwing nets (quivered)
 d - 8 large rocks
 j - 3 javelins
Armour
 a - a +0 hat (worn)
 m - a +2 robe of cold resistance
 q - an orb of wrath
 C - a +0 troll leather armour (worn)
 I - +0 acid dragon scales
Jewellery
 f - a ring of magical power
 g - a +6 ring of dexterity (left claw)
 z - a ring of flight
 A - a +4 ring of slaying (right claw)
 B - a ring of ice
Wands
 s - a wand of iceblast (26)
 t - a wand of charming (18)
Scrolls
 e - 3 scrolls of torment
 i - a scroll of fog
 k - a scroll of silence {unknown}
 r - 6 scrolls of teleportation
 v - a scroll of brand weapon
 w - 2 scrolls of immolation
 y - a scroll of enchant weapon
 E - a scroll of enchant armour {unknown}
 H - 2 scrolls of identify
Potions
 b - a potion of might {unknown}
 h - a potion of resistance
 l - 11 potions of curing
 n - 2 potions of attraction {unknown}
 o - a potion of lignification {unknown}
 p - 4 potions of flight
 u - 2 potions of brilliance {unknown}
 x - 3 potions of magic {unknown}
 D - a potion of ambrosia {unknown}
 J - a potion of cancellation {unknown}
Miscellaneous
 F - a box of beasts (inert)


   Skills:
 * Level 9.0 Fighting
 - Level 1.7 Throwing
 - Level 3.3 Armour
 - Level 2.4 Dodging
 - Level 17.0 Unarmed Combat
 + Level 0.4 Evocations


You had 11 spell levels left.
You didn't know any spells.
Your spell library contained the following spells:

 Spells                   Type           Power      Damage    Failure   Level
 Ensorcelled Hibernation  Hex/Ice        0%         N/A       67%         2
 Dazzling Flash           Conj/Hex       0%         N/A       88%         3
 Frozen Ramparts          Ice            0%         1d2       88%         3
 Spider Form              Tmut/Pois      0%         N/A       88%         3
 Anguish                  Hex/Necr       0%         N/A       99%         4
 Ice Form                 Ice/Tmut       0%         N/A       99%         4
 Iskenderun's Mystic Bla  Conj/Tloc      0%         2d3       99%         4
 Passage of Golubria      Tloc           0%         N/A       99%         4
 Summon Ice Beast         Ice/Summ       0%         N/A       99%         4
 Iskenderun's Battlesphe  Conj           0%         2d6       100%        5
 Silence                  Hex/Air        0%         N/A       100%        5
 Iron Shot                Conj/Erth      0%         9d1       100%        6
 Starburst                Conj/Fire      0%         6d3       100%        6
 Spellforged Servitor     Conj/Summ      0%         N/A       100%        7
 Lehudib's Crystal Spear  Conj/Erth      0%         10d2      100%        8


Dungeon Overview and Level Annotations

Branches:
Dungeon (12/15)            Temple (1/1) D:4            Lair (0/6) D:11
    Orc (2/2) D:12            Elf (0/3) Orc:2         Sewer (visited)

Altars:
Ashenzari
Cheibriados
Dithmenos
Elyvilon
Fedhas
Gozag
Hepliaklqana
Kikubaaqudgha
Makhleb
Nemelex Xobeh
Okawaru
Qazlal
Ru
Sif Muna
Trog
Uskayaw
Vehumet
Wu Jian
Xom
Yredelemnul
Zin
The Shining One

Shops:
D:4 *   D:6 [

Annotations:
D:11 exclusion: hydra
Orc:1 2 transporters, aves's ghost, journeyman DsFi


Innate Abilities, Weirdness & Mutations

You are too large for most types of armour.
You have claws for hands.
Your natural rate of healing is unusually fast.
You are covered in fur. (AC +1)
You have tough skin. (AC +1)


Message History

Things that are here:
a +0 flail; a +0 plate armour; an orc corpse A deep troll comes into view.
The deep troll shouts!
Things that are here:
a +0 trident; a +0 ring mail; 50 gold pieces A two-headed ogre comes into view.
It is wielding a +0 giant club and a +0 giant spiked club.
A two-headed ogre comes into view. It is wielding two +0 giant clubs.
The two-headed ogre shouts in stereo!
The deep troll barely misses you. x2; The deep troll claws you.
The deep troll bites you! The deep troll closely misses you.
The deep troll barely misses you.
You scratch the deep troll but do no damage.
You scratch the deep troll.
The deep troll is lightly wounded.
The deep troll bites you!
The deep troll claws you but does no damage.
The deep troll claws you!
You claw the deep troll!
The deep troll is moderately wounded.
The deep troll bites you! The deep troll claws you!
The deep troll closely misses you.
You barely miss the deep troll.
The deep troll is moderately wounded.
Okay, then.
Aiming: Charm
Press: ? - help, Shift-Dir - straight line, f - deep troll
Aim: a deep troll (moderately wounded, chance to affect: 32%)
The deep troll easily resists.
The two-headed ogre hits you with a +0 giant club!! x2
* * * LOW HITPOINT WARNING * * *
The deep troll barely misses you. The deep troll claws you!
* * * LOW HITPOINT WARNING * * *
The deep troll claws you but does no damage.
Aiming: Charm
Press: ? - help, Shift-Dir - straight line, f/p - deep troll
Aim: a deep troll (moderately wounded, chance to affect: 32%)
The deep troll is charmed.
The two-headed ogre hits you with a +0 giant club!!
You die...

##.####....#..
#....#.......>
#.............
##))..........
##))####.####.. #...#
..... #.. ##...#.......#..
###..))#.......#.. #
###@##......._......
###.#..OT#...#.......#..
#............#.......#..
#....#........# ..... #[.
#..............# ##.## #..
##.......#...............#
##......##........#....##
.....#..........#....
..................#...


You could see a two-headed ogre and a friendly deep troll (charmed).

Vanquished Creatures
  An ogre mage (Orc:2)
  3 two-headed ogres
  A centaur warrior (D:8)
  A deep troll (Orc:1)
  2 orc knights
  An ugly thing (D:11)
  3 orc sorcerers
  An unseen horror zombie (D:8)
  4 trolls
  A hornet (D:9)
  6 wraiths
  14 yaks
  A vampire (D:11)
  A steam dragon (D:8)
  3 wargs
  A water moccasin (D:5)
  An acid dragon (D:11)
  Duvessa (D:7)
  8 orc warriors
  2 sky beasts (D:7)
  2 black bears
  An ice beast (D:5)
  2 hornet zombies (D:8)
  19 ogres
  3 centaurs
  3 kobold brigands
  4 bullfrogs
  2 necrophages
  2 gnoll sergeants
  7 scorpions
  4 wights (D:8)
  Dowan (D:7)
  5 jellies
  10 killer bees (D:10)
  9 howler monkeys
  An electric eel (D:11)
  4 centaur zombies (D:8)
  2 hounds (D:5)
  5 orc priests
  3 gnoll boudas
  6 iguanas
  15 orc wizards
  2 killer bee zombies (D:8)
  4 howler monkey zombies (D:8)
  30 gnolls
  8 adders
  A river rat (Sewer)
  2 shadow imps (D:7)
  A white imp (D:5)
  An ufetubus (D:4)
  2 worms
  3 dart slugs
  57 orcs
  7 bats
  5 endoplasms
  4 giant cockroaches
  5 goblins
  9 hobgoblins
  8 jackals
  19 kobolds
  4 quokkas
  12 ball pythons
  4 frilled lizards (D:1)
  13 rats
367 creatures vanquished.

Vanquished Creatures (collateral kills)
  A cyclops (Orc:1)
1 creature vanquished.

Vanquished Creatures (others)
  An orc wizard (D:11)
  9 fungi
  5 plants
  2 withered plants (D:8)
17 creatures vanquished.

Grand Total: 385 creatures vanquished

Notes
Turn   | Place    | Note
-------+----------+-------------------------------------------
     0 | D:1      | Malachi the Troll Gladiator began the quest for the Orb.
     0 | D:1      | Reached XP level 1. HP: 19/19 MP: 0/0
   172 | D:1      | Reached XP level 2. HP: 27/27 MP: 1/1
   353 | D:1      | Reached skill level 4 in Unarmed Combat
   517 | D:1      | Reached XP level 3. HP: 33/33 MP: 2/2
   935 | D:2      | Reached XP level 4. HP: 39/41 MP: 3/3
  1219 | D:2      | Reached skill level 5 in Unarmed Combat
  2164 | D:3      | Found a burning altar of Makhleb.
  2188 | D:3      | Found a shadowy altar of Dithmenos.
  2197 | D:3      | Reached XP level 5. HP: 48/48 MP: 4/4
  2208 | D:3      | Reached skill level 6 in Unarmed Combat
  2405 | D:3      | Found a faded altar of an unknown god.
  2433 | D:3      | Found a glowing golden altar of the Shining One.
  2813 | D:4      | Reached XP level 6. HP: 55/55 MP: 5/5
  2824 | D:4      | Reached skill level 7 in Unarmed Combat
  2980 | D:4      | Reached skill level 8 in Unarmed Combat
  2980 | D:4      | Reached XP level 7. HP: 62/62 MP: 6/6
  3342 | D:4      | Found Vebuhoxi's General Store.
  3345 | D:4      | Found a blossoming altar of Fedhas.
  3371 | D:4      | Found a staircase to the Ecumenical Temple.
  3383 | Temple   | Entered the Ecumenical Temple
  3549 | D:4      | Found an iron altar of Okawaru.
  3555 | D:4      | Reached skill level 9 in Unarmed Combat
  3756 | D:5      | Entered Level 5 of the Dungeon
  3766 | D:5      | Found an ancient bone altar of Kikubaaqudgha.
  3858 | D:5      | Reached XP level 8. HP: 70/70 MP: 7/7
  4064 | D:5      | Reached skill level 10 in Unarmed Combat
  4509 | D:5      | Reached skill level 11 in Unarmed Combat
  5122 | D:6      | HP: 3/72 [gnoll/+0 spear[a gnoll bouda] (7)]
  5124 | D:6      | HP: 1/72 [gnoll/+0 spear[a gnoll bouda] (4)]
  5137 | D:6      | Found a glowing drain.
  5146 | Sewer    | Entered a sewer
  5214 | Sewer    | Reached XP level 9. HP: 78/79 MP: 8/8
  5221 | Sewer    | Reached skill level 12 in Unarmed Combat
  5295 | Sewer    | Found a white marble altar of Elyvilon.
  5473 | D:6      | Found Vituj's Armour Boutique.
  5476 | D:6      | Bought a +2 robe of cold resistance for 212 gold pieces
  5656 | D:6      | Found a sacrificial altar of Ru.
  5772 | D:6      | Found a sparkling altar of Nemelex Xobeh.
  6024 | D:7      | Noticed a troll
  6041 | D:7      | Found a basalt altar of Yredelemnul.
  6421 | D:7      | Found a stormy altar of Qazlal.
  6547 | D:7      | Killed a troll
  6828 | D:7      | Noticed Dowan
  6831 | D:7      | Noticed Duvessa
  6833 | D:7      | Killed Dowan
  6843 | D:7      | Killed Duvessa
  6844 | D:7      | Reached skill level 13 in Unarmed Combat
  7195 | D:8      | Reached skill level 1 in Armour
  7241 | D:8      | Reached XP level 10. HP: 73/92 MP: 9/9
  7243 | D:8      | Noticed a centaur warrior
  7254 | D:8      | Killed a centaur warrior
  7257 | D:8      | Reached skill level 14 in Unarmed Combat
  7585 | D:8      | Found a hazy altar of Hepliaklqana.
  7619 | D:8      | Reached skill level 5 in Fighting
  7638 | D:8      | HP: 4/90 [wight/+0 halberd (1)]
  8227 | D:9      | Paralysed by a hornet for 2 turns
  8328 | D:9      | Noticed a two-headed ogre
  8575 | D:9      | Reached skill level 15 in Unarmed Combat
  8754 | D:9      | Found a bloodstained altar of Trog.
  8870 | D:9      | Killed a two-headed ogre
  8871 | D:9      | Reached XP level 11. HP: 105/105 MP: 10/10
  8880 | D:9      | Found an ornate altar of the Wu Jian Council.
  9092 | D:10     | Entered Level 10 of the Dungeon
  9863 | D:10     | Identified the +0 pair of gloves "Tinucw" {rPois rC- rN+}
 10113 | D:11     | Found a staircase to the Lair.
 10306 | D:11     | Noticed a four-headed hydra
 10545 | D:11     | Noticed a purple ugly thing
 10549 | D:11     | Killed a purple ugly thing
 10550 | D:11     | Reached skill level 16 in Unarmed Combat
 10810 | D:12     | Found a staircase to the Orcish Mines.
 10819 | Orc:1    | Entered Level 1 of the Orcish Mines
 10820 | Orc:1    | Noticed an orc knight
 10827 | Orc:1    | Noticed an orc sorcerer
 10833 | D:12     | Killed an orc knight
 10862 | Orc:1    | Noticed a soul eater
 10868 | Orc:1    | Killed an orc sorcerer
 10903 | Orc:1    | Noticed a two-headed ogre
 10907 | Orc:1    | Noticed a stone giant
 10908 | Orc:1    | Noticed an orc knight
 10913 | Orc:1    | Found a transporter.
 10916 | Orc:1    | Found a bloodstained altar of Trog.
 10918 | Orc:1    | Found the +2 ratskin cloak {*Rats rPois rN+ Str-1 Int-1
                  | Dex+1}
 10930 | Orc:1    | Found a transporter.
 10930 | Orc:1    | Noticed aves's ghost (journeyman DsFi)
 11036 | Orc:2    | Entered Level 2 of the Orcish Mines
 11036 | Orc:2    | Noticed an orc sorcerer
 11036 | Orc:2    | Found a staircase to the Elven Halls.
 11041 | Orc:2    | Killed an orc sorcerer
 11061 | Orc:2    | Noticed an orc sorcerer
 11326 | Orc:2    | Noticed a two-headed ogre
 11333 | Orc:2    | Paralysed by an orc sorcerer for 2 turns
 11341 | Orc:1    | Killed a two-headed ogre
 11575 | Orc:2    | Killed an orc sorcerer
 11716 | Orc:2    | Noticed an orc knight
 11736 | Orc:1    | Killed an orc knight
 11737 | Orc:1    | Reached skill level 17 in Unarmed Combat
 11880 | Orc:2    | Noticed an ogre mage
 11882 | Orc:2    | Noticed a two-headed ogre
 12131 | Orc:2    | Noticed a deep troll
 12275 | Orc:1    | Killed a two-headed ogre
 12276 | Orc:1    | Reached XP level 12. HP: 118/118 MP: 11/11
 12422 | Orc:1    | HP: 1/116 [cyclops (22)]
 12624 | Orc:2    | Killed an ogre mage
 12820 | Orc:2    | Noticed a two-headed ogre
 12820 | Orc:2    | Noticed a two-headed ogre
 12831 | Orc:2    | Demolished by a two-headed ogre

Illustrated notes

Levels and vault maps discovered:
D:1:      grunt_arrival_lava_bath, layout_basic, dreamdust_princess_bridge,
          nicolae_figureground_pulse
D:2:      layout_loops_corners, minmay_door_square, minivault_27,
          serial_bayou_pond_a, nrook_mini_vaults
D:3:      layout_loops_cross, mainiacjoe_overflow_chevrons, old_standard_altar,
          lemuel_doored_altar, basic_ecumenical_altar
D:4:      layout_rooms, okawaru_altar_gauntlet_db, fedhas_altar_3,
          minmay_temple_entry_trees, serial_shops, shop, item_on_display_a
D:5:      layout_gridville, kennysheep_little_box, st_stairs_11,
          grunt_ministairs_15
D:6:      layout_cave_pools, old_standard_altar, general_overflow_altar,
          serial_shops, nicolae_shop_behind_doors, portal_sewer_entry_d
D:7:      layout_gridville, marbit_many_paths, amcnicky_altar_gilded,
          uniq_duvessa
D:8:      layout_gridville, lemuel_crystal_altar, serial_undead,
          serial_undead_c, serial_undead_a, serial_undead_e, serial_undead_c,
          serial_undead_c, serial_undead_c, serial_undead_a, serial_undead_d,
          lemuel_old_faithful
D:9:      layout_rooms, old_standard_altar, nzn_wu_jian_contemplation,
          kennysheep_small_spiral
D:10:     layout_roguey [special_room_orc]
D:11:     layout_grid_maze, grunt_lair_entry_orc_guard_hut, minivault_14
D:12:     layout_rooms, orc_0_dummy, uniq_snorg
Temple:   nicolae_temple_cloud_nine
Orc:1:    layout_diamond_mine, gammafunk_ghost_wrathful_warriors, serial_shops,
          nicolae_shop_crystal
Orc:2:    st_orc_open, layout_caves, special_room, mines1_david

Skill      XL: |  1  2  3  4  5  6  7  8  9 10 11 12 |
---------------+-------------------------------------+-----
Unarmed Combat | 4 5 6 8 9 11 13 15 17 | 17.0
Fighting       | 2 4 5 7 9 |  9.0
Armour         | 2 3 |  3.3
Throwing       | |  1.7
Dodging        | |  2.4
Evocations     | |  0.4

Action                   |  1- 3 |  4- 6 |  7- 9 | 10-12 || total
-------------------------+-------+-------+-------+-------++-------
Melee: Unarmed           |    67 |   118 |   268 |   384 ||   837
       Punch             |     3 |       |     3 |    27 ||    33
Throw: Throwing net      |       |       |       |     2 ||     2
       Large rock        |       |       |       |     1 ||     1
Evoke: Wand              |       |       |       |     5 ||     5
       Box of beasts     |       |       |       |     1 ||     1
  Use: Scroll            |       |       |    12 |     4 ||    16
       Potion            |       |       |     4 |     2 ||     6
 Stab: Sleeping          |     1 |     3 |     1 |       ||     5
       Distracted        |       |       |       |     1 ||     1
Armor: Robe              |    19 |    47 |    45 |       ||   111
       Troll leather arm |       |       |    35 |   110 ||   145
Dodge: Dodged            |    26 |    57 |   118 |   219 ||   420

Table legend: (Time is in decaauts)
 A = Elapsed time spent in this place.
 B = Non-inter-level travel time spent in this place.
 C = Inter-level travel time spent in this place.
 D = Time resting spent in this place.
 E = Time spent auto-exploring this place.
 F = Levels seen in this place.
 G = Mean time per level.
                   A        B        C        D        E       F      G
               +--------+--------+--------+--------+--------+-----+--------+
         Total |  13018 |  12377 |    641 |   3736 |   6337 |  16 |  813.6 |
       Dungeon |  10982 |  10360 |    622 |   2542 |   6097 |  12 |  915.2 |
        Temple |     51 |     46 |      5 |      0 |     42 |   1 |   51.0 |
  Orcish Mines |   1695 |   1681 |     14 |   1138 |     61 |   2 |  847.5 |
         Sewer |    289 |    289 |      0 |     56 |    136 |   1 |  289.0 |
               +--------+--------+--------+--------+--------+-----+--------+

Top non-repeatable levels by time:
     D:5: 1327 daAuts
   Orc:1: 1269 daAuts
     D:4: 1170 daAuts
     D:7: 1168 daAuts
     D:8: 1131 daAuts
     D:2: 1014 daAuts
     D:1: 903 daAuts
     D:3: 884 daAuts
    D:11: 871 daAuts
    D:10: 835 daAuts
     D:9: 752 daAuts
     D:6: 609 daAuts
   Orc:2: 425 daAuts
    D:12: 313 daAuts
   Sewer: 289 daAuts
